cohdb
Replays
Latest Replays
All Replays
Popular Replays
Top Player Replays
Match Explorer
How It Works
Community
CoH3 Stats
Reddit
Sign in to upload your games and track your stats! →
Sign in with Steam
Match 38899868
Unlisted
Match 38899868
Overview
Messages
Build Orders
End
Construct Barracks
Selects Advanced Infantry Battlegroup
Riflemen Squad
Riflemen Squad
Riflemen Squad
Grenade Package
Selects Convert to Ranger Squad
Infantry Support Center
Munitions Surplus
Engineer Squad
Riflemen Squad
Selects Frontline Medical Station
Construct Motor Pool
M1 Anti-tank Gun Team
Selects Ammunition Storage
M8 Greyhound Armored Car
Riflemen Squad
Engineer Squad
Frontline Medical Station
M1918 Browning Automatic Rifles
Selects Ranger Weapon Training
Selects Infantry Assault
Infantry Assault
Riflemen Squad
Selects M2A1 105mm Howitzer Emplacement
Selects 155mm Rapid Artillery Barrage
Construct Tank Depot
Convert to Ranger Squad
Icantcraftthis
DaddyIssues
Tanith's Finest
Zynbabwae
Humiyuppie
Frusttiger
0
0
Comments
sign in to comment!
No comments posted yet!